AoeStats
← Buzz Lightyear

Arena

509722994Analyzed
2v2 RM · 6d ago on Sep 27, 2026· 43m 12s· 4 players
Game mode
Random Map
Map size
Medium (4 player)
Population
200
Speed
Normal
Resources
Standard
Victory
Conquest
Starting age
Dark Age
Ending age
Imperial Age
RankedLock teamsTeams togetherTeam positionsShared explorationLock speedFull tech treeHidden civsTurbo modeCheats
Victory
Defeat
🇺🇸 Danes · United States
1193
+15
🇺🇸 Celts · United States
1193
+15
🇵🇪 Poles · Peru
1174
-15
🇵🇪 Cumans · Peru
1172
-15
Drake
7:24 Loom
12:07 Feudal Age
12:45 Horse Collar
15:51 Double-Bit Axe
20:35 Castle Age
19:15 Forging
19:10 Scale Barding Armor
20:18 Gold Mining
21:00 Bloodlines
20:36 Light Cavalry
22:44 Iron Casting
22:29 Chain Barding Armor
23:36 Heavy Plow
27:51 Scale Mail Armor
28:11 Chain Barding Armor
28:56 Szlachta Privileges
29:14 Bow Saw
36:45 Imperial Age
35:51 Wheelbarrow
35:01 Town Watch
35:24 Town Watch
35:44 Husbandry
37:15 Scale Mail Armor
37:58 Crop Rotation
37:44 Hand Cart
36:56 Cavalier
38:20 Chain Mail Armor
39:06 Blast Furnace
38:44 Conscription
39:38 Cavalier
Buzz Lightyear
6:45 Loom
9:34 Feudal Age
10:19 Double-Bit Axe
11:58 Fletching
25:06 Castle Age
25:45 Town Watch
29:28 Town Watch
38:56 Town Watch
38:54 Horse Collar
39:32 Bow Saw
Worker
10:19 Feudal Age
16:25 Castle Age
14:20 Horse Collar
15:15 Loom
16:13 Double-Bit Axe
17:28 Husbandry
19:41 Bow Saw
20:24 Scale Barding Armor
21:46 Forging
25:52 Iron Casting
27:18 Gold Mining
30:09 Gold Shaft Mining
32:49 Imperial Age
32:45 Chain Barding Armor
35:33 Wheelbarrow
34:43 Town Watch
36:03 Blast Furnace
34:25 Cavalier
35:05 Pikeman
35:57 Heavy Plow
38:04 Scale Mail Armor
38:22 Hand Cart
41:42 Paladin
Carmilla
10:19 Feudal Age
10:04 Loom
10:59 Man-at-Arms
11:31 Double-Bit Axe
12:27 Scale Mail Armor
15:19 Horse Collar
19:54 Forging
21:46 Castle Age
20:18 Gold Mining
22:43 Bow Saw
23:07 Chain Mail Armor
23:03 Squires
23:44 Heavy Plow
24:57 Wheelbarrow
25:54 Stone Mining
26:32 Hand Cart
28:46 Gold Shaft Mining
28:28 Arson
29:21 Iron Casting
31:53 Ballistics
34:58 Imperial Age
32:18 Pikeman
33:59 Fletching
36:39 Blast Furnace
35:02 Halberdier
36:04 Conscription
36:33 Town Watch
37:22 Plate Mail Armor
37:45 Masonry
37:12 Hamask
39:21 Elite Jomsviking
40:11 Gambesons
42:25 Northmen's Fury
43:17 Siege Engineers
Connection lost

Rejoining the realm…

Still unreachable

The connection could not be restored.

Session expired

The server has moved on; the page needs a fresh start.